 Dungeon Crawl Stone Soup version 0.27.1-3-gb3d3a73c9e (webtiles) character file.

Game seed: 1839890766937508893

32 kingofstarryskies the Skirmisher (level 3, -5/31 HPs)
             Began as a Draconian Berserker on Oct 17, 2021.
             Was a Follower of Trog.
             Slain by a scorpion (8 damage)
             ... on level 3 of the Dungeon.
             The game lasted 00:03:59 (1363 turns).

kingofstarryskies the Skirmisher (DrBe)             Turns: 1363, Time: 00:03:59

Health: -5/31      AC:  9    Str: 20    XL:     3   Next: 10%
Magic:  3/3        EV:  7    Int:  7    God:    Trog [*.....]
Gold:   99         SH: 11    Dex: 10    Spells: 2/2 levels left

rFire    . . .     SeeInvis .   a - +0 falchion
rCold    . . .     Faith    .   e - +0 tower shield
rNeg     . . .     Spirit   .   (armour unavailable)
rPois    .         Reflect  .   (helmet restricted)
rElec    .         Harm     .   (no cloak)
rCorr    .         Rampage  .   (no gloves)
Will     .....                  (no boots)
Stlth    +.........             (no amulet)
HPRegen  0.10/turn              f - +4 ring of protection
MPRegen  0.08/turn              (no ring)

@: lethally poisoned (-5 -> -19)
A: AC +5, unfitting armour, cold-blooded
a: Renounce Religion, Berserk


You were on level 3 of the Dungeon.
You worshipped Trog.
Trog was aware of your devotion.
You visited 1 branch of the dungeon, and saw 3 of its levels.

You collected 99 gold pieces.

Inventory:

Hand Weapons
 a - a +0 falchion (weapon)
Armour
 e - a +0 tower shield (worn)
Jewellery
 f - a +4 ring of protection (left hand)
Scrolls
 b - a scroll of fog {unknown}
 c - a scroll of silence {unknown}
 g - a scroll of amnesia {unknown}
Potions
 d - a potion of flight {unknown}


   Skills:
 - Level 3.5 Fighting
 - Level 3.3 Long Blades
 * Level 3.4 Dodging


You had 2 spell levels left.
You didn't know any spells.
Your spell library was empty.

Dungeon Overview and Level Annotations

Branches:
Dungeon (3/15)

Altars:


Innate Abilities, Weirdness & Mutations

Your plain brown scales are hard. (AC +5)
You cannot fit into any form of body armour.
You are cold-blooded and may be slowed by cold attacks.


Message History

Found a scroll labelled KAJIUR ZUNGE.
You now have 99 gold pieces (gained 10).
Found a stone staircase leading down.
A dart slug comes into view.
A dart slug is nearby!
A scorpion comes into view.
You see here a scroll labelled KAJIUR ZUNGE.
g - a scroll labelled KAJIUR ZUNGE The dart slug launches a dart at you.
The slug dart hits you but does no damage.
You hit the scorpion.
The scorpion is lightly wounded.
The scorpion closely misses you. You block the dart slug's attack.
The scorpion stings you.
You are poisoned.
The scorpion poisons you!
You hit the dart slug. You tail-slap the dart slug.
The dart slug is almost dead.
You feel very sick. The scorpion stings you.
You are more poisoned.
The scorpion poisons you! You block the dart slug's attack.
The scorpion stings you but does no damage.
You hit the dart slug.
You kill the dart slug!
Trog accepts your kill.
You feel very sick. The scorpion barely misses you. x2
You hit the scorpion.
Your tail-slap misses the scorpion.
The scorpion is lightly wounded.
You feel very sick. You block the scorpion's attack. The scorpion stings you!
You are lethally poisoned!
The scorpion poisons you!
You hit the scorpion but do no damage.
The scorpion is lightly wounded.
* * * LOW HITPOINT WARNING * * *
You feel extremely sick. The scorpion stings you!
You die...

........................
..................######
........................
...............#..######
........................
...................#####
...................#
........≈≈.........#
.......≈≈.......@..#
....≈.≈≈.......s....#
...........#
.............
..........#.##
........#.#..#
........#.# .#
........... .


You could see a scorpion.

Vanquished Creatures
  2 worms (D:2)
  A dart slug (D:3)
  4 orcs (D:3)
  3 endoplasms (D:2)
  A goblin (D:2)
  A hobgoblin (D:1)
  4 ball pythons (D:2)
  A bat (D:2)
  A kobold (D:2)
  2 rats (D:2)
20 creatures vanquished.

Notes
Turn   | Place    | Note
-------+----------+-------------------------------------------
     0 | D:1      | kingofstarryskies the Draconian Berserker began the quest
                  | for the Orb.
     0 | D:1      | Reached XP level 1. HP: 19/19 MP: 1/1
    87 | D:1      | Found a faded altar of an unknown god.
   128 | D:1      | You fall into a shaft and drop 1 floor!
   398 | D:2      | Reached XP level 2. HP: 26/26 MP: 2/2
  1265 | D:3      | Reached XP level 3. HP: 31/31 MP: 3/3
  1354 | D:3      | Noticed a scorpion
  1363 | D:3      | Slain by a scorpion

Illustrated notes

Levels and vault maps discovered:
D:1:      scummos_arrival_forest, layout_basic,
          shapermc_ecumenical_altar_starsandcircs
D:2:      layout_basic
D:3:      layout_basic, chequers_serial_rivers_micro_c

Skill      XL: |  1  2 |
---------------+-------+-----
Dodging        | 3 |  3.4
Fighting       | |  3.5
Long Blades    | |  3.3

Action                   || total
-------------------------++-------
Melee: Falchion          ||    49
       Tailslap          ||     8
Invok: Berserk           ||     1
  Use: Potion            ||     1
 Stab: Sleeping          ||     1
Armor: Skin              ||    17
Dodge: Dodged            ||    28
Block: Tower shield      ||     8
       Rpst.: Falchion   ||     5
